 Dungeon Crawl Stone Soup version 0.21.1-1-g345015f (webtiles) character file.

459 Vasilisck the Grave Robber (level 7, -5/59 HPs)
             Began as a Hill Orc Necromancer on May 25, 2018.
             Was an Initiate of Beogh.
             Slain by an orc warrior
             ... wielding a +0 flail
              (22 damage)
             ... on level 4 of the Dungeon.
             The game lasted 00:27:57 (6045 turns).

Vasilisck the Grave Robber (Hill Orc Necromancer)   Turns: 6045, Time: 00:28:06

Health: -5/59      AC:  8    Str: 11      XL:     7   Next: 6%
Magic:  0/11       EV: 11    Int: 16 (17) God:    Beogh [......]
Gold:   239        SH:  5    Dex: 10 (11) Spells: 6/12 levels left

rFire    . . .     SeeInvis .   l - +0 war axe
rCold    + . .     Gourm    .   j - +2 buckler
rNeg     . . .     Faith    .   a - +0 robe
rPois    .         Spirit   .   m - +2 helmet
rElec    .         Reflect  .   (no cloak)
rCorr    .         Harm     .   t - +0 pair of gloves
MR       .....                  (no boots)
Stlth    ++........             (no amulet)
HPRegen  0.19/turn              (no ring)
MPRegen  0.12/turn              (no ring)

@: no status effects
A: slimy green scales 1, cold resistance 1, deterioration 1
a: Renounce Religion


You were on level 4 of the Dungeon.
You worshipped Beogh.
Beogh was noncommittal.
You were not hungry.

You visited 1 branch of the dungeon, and saw 5 of its levels.

You collected 239 gold pieces.

Inventory:

Hand Weapons
 g - a +0 short sword
 l - a +0 war axe (weapon)
Armour
 a - a +0 robe (worn)
 e - a +1 helmet
 j - a +2 buckler (worn)
 m - a +2 helmet (worn)
 t - a +0 pair of gloves (worn)
Jewellery
 s - an uncursed ring of protection from cold {unknown}
Scrolls
 f - a scroll of magic mapping
 i - a scroll of immolation
 k - 3 scrolls of fog
 o - 2 scrolls of remove curse
 q - 2 scrolls of enchant weapon {unknown}
 r - a scroll of noise {unknown}
Potions
 d - 4 potions of flight
 h - a potion of degeneration {unknown}
 n - 2 potions of haste
 p - a potion of lignification {unknown}
 u - a potion of might {unknown}
Books
 b - a book of Necromancy

   Spells                             Type                      Level
   a - Pain                           Necromancy                   1
   b - Animate Skeleton               Necromancy                   1
   c - Vampiric Draining              Necromancy                   3
   d - Regeneration                   Charms/Necromancy            3
   e - Animate Dead                   Necromancy                   4
   f - Borgnjor's Vile Clutch         Necromancy/Earth             5
Comestibles
 c - 8 rations
 v - a chunk of flesh


   Skills:
 - Level 4.1 Fighting
 - Level 3.0 Axes
 + Level 1.7 Armour
 - Level 1.5 Dodging
 - Level 1.5 Stealth
 + Level 1.7 Shields
 - Level 3.0 Spellcasting
 - Level 5.1 Necromancy


You had 6 spell levels left.
You knew the following spells:

 Your Spells              Type           Power        Failure   Level  Hunger
a - Pain                  Necr           ###.         3%          1    #......
b - Animate Skeleton      Necr           N/A          3%          1    #......
c - Animate Dead          Necr           N/A          28%         4    #####..


Dungeon Overview and Level Annotations

Branches:
Dungeon (5/15)
 Temple: D:4-7

Altars:
Hepliaklqana
Okawaru
Trog
Xom
Beogh


Innate Abilities, Weirdness & Mutations

You are partially covered in slimy green scales. (AC +2)
Your flesh is cold resistant. (rC+)
Your body sometimes deteriorates upon taking damage.


Message History

The orc warrior is lightly wounded.
The orc warrior completely misses you.
Casting: Pain
Confirm with . or Enter, or press ? or * to list all spells.
Aiming: Pain
Press: ? - help, Shift-Dir - straight line, f/p - orc warrior
Aim: an orc warrior, wielding a flail and wearing a chain mail (lightly wounded, chance to defeat MR: 80%)
The orc warrior writhes in agony!
The orc warrior closely misses you.
You closely miss the orc warrior.
The orc warrior is heavily wounded.
The orc warrior hits you with a flail!
Your body deteriorates!
You feel clumsy.
You barely miss the orc warrior.
The orc warrior is heavily wounded.
The orc warrior hits you with a flail!
* * * LOW HITPOINT WARNING * * *
Your body deteriorates!
You feel dopey. The orc warrior hits you with a flail!!
You die...
Beogh appreciates the orc warrior's killing of a heretic priest.

#.# #.# #.# #.# #.#
#####.### #.......#
#.#.....############
##.........@ow...#
##.############o# #.#
##.###.# #.# #..)...#
##+## ##.##### ##[..##
#.# ##.....######.######
##).....o..o........#
####..w......_......##.#


You could see an orc warrior, a dart slug and an orc.

Vanquished Creatures
  An ogre (D:4)
  A howler monkey (D:3)
  An orc priest (D:4)
  3 orc wizards (D:4)
  A worker ant (D:4)
  Robin (D:2)
  5 adders
  An ooze (D:4)
  2 worms
  3 dart slugs
  2 leopard geckos (D:1)
  12 orcs
  A ball python (D:3)
  2 giant cockroaches
  11 goblins
  10 hobgoblins
  7 jackals
  5 quokkas
  7 bats
  6 frilled lizards
  4 kobolds
  10 rats
96 creatures vanquished.

Vanquished Creatures (collateral kills)
  A bullfrog skeleton (D:3)
  A howler monkey skeleton (D:4)
  2 goblins (D:2)
4 creatures vanquished.

Grand Total: 100 creatures vanquished

Notes
Turn   | Place    | Note
-------+----------+-------------------------------------------
     0 | D:1      | Vasilisck the Hill Orc Necromancer began the quest for the Orb.
     0 | D:1      | Reached XP level 1. HP: 14/14 MP: 3/3
   127 | D:1      | Learned a level 1 spell: Animate Skeleton
   294 | D:1      | Reached XP level 2. HP: 19/20 MP: 1/4
   998 | D:1      | Reached XP level 3. HP: 20/27 MP: 0/6
  1276 | D:2      | Reached skill level 1 in Fighting
  1727 | D:2      | Noticed Robin
  1783 | D:2      | Killed Robin
  1783 | D:2      | Reached XP level 4. HP: 29/36 MP: 0/7
  1799 | D:2      | Learned a level 4 spell: Animate Dead
  2450 | D:2      | Reached skill level 5 in Necromancy
  3603 | D:3      | Reached XP level 5. HP: 31/44 MP: 8/8
  4924 | D:4      | Found a roughly hewn altar of Beogh.
  4925 | D:4      | Became a worshipper of Beogh the Brigand
  5142 | D:4      | Reached XP level 6. HP: 45/52 MP: 2/10
  5277 | D:4      | Gained mutation: You are robust. (+10% HP) [potion of mutation]
  5277 | D:4      | Lost mutation: You are robust. (+10% HP) [potion of mutation]
  5277 | D:4      | Gained mutation: You are robust. (+10% HP) [potion of mutation]
  5287 | D:5      | Entered Level 5 of the Dungeon
  5522 | D:5      | Lost mutation: You are robust. (+10% HP) [potion of mutation]
  5522 | D:5      | Gained mutation: Your body sometimes deteriorates upon taking damage. [potion of mutation]
  5522 | D:5      | Gained mutation: Your flesh is cold resistant. (rC+) [potion of mutation]
  5522 | D:5      | Gained mutation: You are partially covered in slimy green scales. (AC +2) [potion of mutation]
  5527 | D:4      | Reached skill level 1 in Axes
  5918 | D:4      | Found a hazy altar of Hepliaklqana.
  5918 | D:4      | Found an iron altar of Okawaru.
  5919 | D:4      | Found a shimmering altar of Xom.
  5919 | D:4      | Found a bloodstained altar of Trog.
  5998 | D:4      | Reached skill level 1 in Armour
  5998 | D:4      | Reached skill level 1 in Shields
  5998 | D:4      | Reached XP level 7. HP: 52/59 MP: 4/11
  6045 | D:4      | Slain by an orc warrior

Skill      XL: |  1  2  3  4  5  6 |
---------------+-------------------+-----
Spellcasting   | 2 3 |  3.0
Fighting       | 1 2 3 4 |  4.1
Necromancy     | 5 |  5.1
Axes           | 3 |  3.0
Armour         | 1 |  1.7
Shields        | 1 |  1.7
Dodging        | |  1.5
Stealth        | |  1.5

Action                   |  1- 3 |  4- 6 |  7- 9 || total
-------------------------+-------+-------+-------++-------
Melee: Unarmed           |    10 |    10 |       ||    20
       Short sword       |       |     9 |       ||     9
       War axe           |       |    26 |     6 ||    32
 Cast: Pain              |    63 |   140 |     9 ||   212
       Animate Skeleton  |     6 |     2 |       ||     8
       Animate Dead      |       |     6 |       ||     6
Invok: Convert to Beogh  |       |     1 |       ||     1
  Use: Scroll            |     4 |     5 |       ||     9
       Potion            |       |     4 |       ||     4
 Stab: Distracted        |       |     2 |       ||     2
  Eat: Chunk             |     3 |    10 |       ||    13
       Ration            |       |     2 |       ||     2
Armor: Robe              |     8 |    25 |     1 ||    34
Dodge: Dodged            |    14 |    36 |     5 ||    55
Block: Buckler           |       |    11 |     5 ||    16
